 Dungeon Crawl Stone Soup version 0.31-a0-672-g7da72447bb (webtiles) character file.

Game seed: 13599108030991675967

354 pokeman the Magician (level 6, -3/34 HPs)
             Began as a Deep Elf Hedge Wizard on Sept 4, 2023.
             Slain by an orc
             ... wielding a +0 mace
              (7 damage)
             ... on level 4 of the Dungeon.
             The game lasted 00:06:45 (4568 turns).

pokeman the Magician (Deep Elf Hedge Wizard)        Turns: 4568, Time: 00:06:46

Health: -3/34      AC:  7    Str:  7    XL:     6   Next: 35%
Magic:  1/17       EV: 13    Int: 21    God:
Gold:   142        SH:  0    Dex: 14    Spells: 10/18 levels left

rFire   . . .        q - +2 dagger (holy)
rCold   . . .        (no shield)
rNeg    . . .        b - +0 robe
rPois   .            t - +0 helmet
rElec   .            m - +2 cloak
rCorr   .            (no gloves)
SInv    .            k - +0 pair of boots
Will    .....        (no amulet)
Stlth   ++           (no ring)
HPRegen 0.25/turn    (no ring)
MPRegen 0.15/turn

%: no passive effects
@: lethally poisoned (-3 -> -7)
A: no striking features
a: no special abilities


You were on level 4 of the Dungeon.
You visited 1 branch of the dungeon, and saw 4 of its levels.

You collected 142 gold pieces.

Inventory:

Hand Weapons
 q - a +2 dagger of holy wrath (weapon)
Armour
 b - a +0 robe (worn)
 k - a +0 pair of boots (worn)
 m - a +2 cloak (worn)
 t - a +0 helmet (worn)
Magical Staves
 l - a staff of earth
Scrolls
 a - a scroll of amnesia {unknown}
 c - a scroll of silence {unknown}
 g - 2 scrolls of identify {unknown}
 h - a scroll of summoning {unknown}
 i - a scroll of revelation {unknown}
 j - a scroll of enchant armour {unknown}
 n - 2 scrolls of vulnerability {unknown}
 s - a scroll of enchant weapon {unknown}
Potions
 d - a potion of magic
 e - 3 potions of curing {unknown}
 f - 2 potions of brilliance {unknown}
 o - 2 potions of haste {unknown}
 p - a potion of ambrosia {unknown}
 r - 2 potions of mutation {unknown}


   Skills:
 + Level 1.3 Fighting
 - Level 1.0 Armour
 - Level 3.0 Dodging
 - Level 3.0 Stealth
 * Level 6.9 Spellcasting
 + Level 3.0 Conjurations
 - Level 1.1 Summonings
 - Level 1.1 Translocations
 - Level 1.0 Air Magic
 + Level 1.4 Earth Magic
 - Level 1.0 Poison Magic
 - Level 1.0 Evocations


You had 10 spell levels left.
You knew the following spells:

 Your Spells              Type           Power      Damage    Failure   Level
a - Magic Dart            Conj           80%        1d7       2%          1
b - Mephitic Cloud        Conj/Pois/Air  14%        N/A       13%         3
c - Call Imp              Summ           22%        N/A       9%          2
d - Blink                 Tloc           22%        N/A       9%          2

Your spell library contained the following spells:

 Spells                   Type           Power      Damage    Failure   Level
 Freeze                   Ice            28%        1d5       9%          1
 Slow                     Hex            28%        N/A       9%          1
 Cigotuvi's Dreadful Rot  Necr/Pois/Air  20%        N/A       10%         2
 Hailstorm                Conj/Ice       13%        3d5       14%         3
 Frozen Ramparts          Ice            14%        1d3       26%         3


Dungeon Overview and Level Annotations

Branches:
Dungeon (4/15)
 Temple: D:4-7

Altars:
Cheibriados
Kikubaaqudgha
Makhleb
Okawaru
Trog
Yredelemnul

Shops:
D:2 [

Annotations:
D:4 3 runed translucent doors


Message History

The orc attacks as it pursues you! The orc hits you but does no damage.
You are poisoned.
You feel sick. The orc attacks as it pursues you! The orc closely misses you.
You feel sick.
You feel sick. The orc attacks as it pursues you!
The orc hits you but does no damage.
You feel sick.
Your magical contamination has completely faded away.
You feel sick.
You feel sick.
You are no longer poisoned.
The orc attacks as it pursues you! The orc hits you but does no damage.
There is a stone staircase leading down here.
Casting: Magic Dart (safe; 2% risk of failure)
Confirm with . or Enter, or press ? or * to list all spells.
You blink.
Press: ? - help, v - describe, . - travel
Here: an orc, wielding a +0 dagger and wearing a +0 scale mail (heavily wounded)
The floor.
Unknown command.
Unknown command.
An orc comes into view. It is wielding a +0 mace.
You feel stable enough to blink again. The orc attacks as it pursues you!
The orc closely misses you. The orc attacks as it pursues you!
The orc hits you but does no damage.
You are poisoned.
You feel very sick.
Casting: Blink (safe; 9% risk of failure)
Confirm with . or Enter, or press ? or * to list all spells.
You don't have enough magic to cast this spell.
You feel sick. The orc attacks as it pursues you!
The orc hits you with a +0 mace.
* * * LOW HITPOINT WARNING * * *
The orc attacks as it pursues you!
The orc hits you with a +1 dagger of venom.
* * * LOW HITPOINT WARNING * * *
* * * LOW HITPOINT WARNING * * *
You feel sick. The orc attacks as it pursues you!
The orc hits you with a +0 mace!
You die...

#.$....##..####
#.......#..#
#..........#
...........#
...........#
...)..).#o.#
........#.o#
........#o.#
........#@.#
..........#
....###### ..


You could see 3 orcs.

Vanquished Creatures
  3 jellies
  A hound (D:4)
  An orc priest (D:4)
  A sleepcap (D:4)
  Robin (D:3)
  4 adders
  An adder skeleton (D:2)
  3 worms
  2 dart slugs (D:1)
  3 orcs
  19 endoplasms
  5 giant cockroaches
  6 hobgoblins
  11 jackals
  11 kobolds
  4 quokkas
  4 ball pythons (D:1)
  A ball python skeleton (D:2)
  A ball python zombie (D:2)
  4 bats
  4 frilled lizards
  14 goblins
  A jackal skeleton (D:2)
  2 quokka zombies (D:2)
  3 rats
  A spectral orc (D:3)
111 creatures vanquished.

Notes
Turn   | Place    | Note
-------+----------+-------------------------------------------
     0 | D:1      | pokeman the Deep Elf Hedge Wizard began the quest for the
                  | Orb.
     0 | D:1      | Reached XP level 1. HP: 10/10 MP: 7/7
     2 | D:1      | Found a runed translucent door.
   383 | D:1      | Reached XP level 2. HP: 9/15 MP: 5/9
   882 | D:1      | Found a faded altar of an unknown god.
   992 | D:2      | Found a burning altar of Makhleb.
  1105 | D:2      | Reached skill level 5 in Spellcasting
  1183 | D:2      | Reached XP level 3. HP: 19/20 MP: 4/11
  1187 | D:2      | Learned a level 3 spell: Mephitic Cloud
  1190 | D:2      | Learned a level 2 spell: Call Imp
  1193 | D:2      | Learned a level 2 spell: Blink
  1493 | D:2      | Found Denagargh's Armour Shop.
  1643 | D:2      | Reached skill level 1 in Fighting
  1643 | D:2      | Reached skill level 1 in Armour
  1817 | D:2      | Reached XP level 4. HP: 23/25 MP: 5/13
  1863 | D:2      | Reached skill level 6 in Spellcasting
  1996 | D:2      | Reached XP level 5. HP: 28/29 MP: 9/15
  2939 | D:3      | Found a basalt altar of Yredelemnul.
  3144 | D:3      | Noticed Robin
  3161 | D:3      | Killed Robin
  3413 | D:3      | Reached skill level 1 in Evocations
  3439 | D:3      | Found an iron altar of Okawaru.
  3439 | D:3      | Found a bloodstained altar of Trog.
  3441 | D:3      | Found an ancient bone altar of Kikubaaqudgha.
  3442 | D:3      | Found a snail-covered altar of Cheibriados.
  3848 | D:1      | Reached skill level 1 in Poison Magic
  3894 | D:1      | Reached skill level 1 in Earth Magic
  3899 | D:1      | Reached skill level 1 in Air Magic
  4068 | D:4      | Noticed an ice beast
  4326 | D:4      | Reached XP level 6. HP: 34/34 MP: 13/17
  4466 | D:4      | Found a runed translucent gate.
  4467 | D:4      | Found a runed translucent gate.
  4468 | D:4      | Found a runed translucent gate.
  4568 | D:4      | Slain by an orc

Illustrated notes

Levels and vault maps discovered:
D:1:      dpeg_arrival_caged_fury, layout_loops_ring,
          shapermc_ecumenical_altar_pompeii, minmay_octomino_e4
D:2:      cheibrodos_fertilizer, layout_loops_ring, basic_altar, serial_undead,
          serial_undead_f, serial_undead_a, serial_undead_a, serial_undead_f,
          serial_shops, nicolae_square_shop
D:3:      layout_basic, mainiacjoe_overflow_alcove_3,
          yredelemnul_forgotten_temple_becter, serial_forest,
          infiniplex_forest_lined_corner, infiniplex_forest_lined_room_,
          infiniplex_forest_straight_4, infiniplex_forest_straight_3,
          infiniplex_forest_clump_long, infiniplex_forest_straight_3,
          infiniplex_forest_end_1, nrook_loot_triangle, uniq_robin
D:4:      layout_cave_pods, gammafunk_ghost_icy, uniq_crazy_yiuf_cottage

Skill      XL: |  1  2  3  4  5  6 |
---------------+-------------------+-----
Spellcasting   | 5 6 |  6.9
Fighting       | 1 |  1.3
Armour         | 1 |  1.0
Conjurations   | 2 3 |  3.0
Stealth        | 3 |  3.0
Dodging        | 3 |  3.0
Evocations     | 1 |  1.0
Poison Magic   | 1 |  1.0
Earth Magic    | 1 |  1.4
Air Magic      | 1 |  1.0
Summonings     | |  1.1
Translocations | |  1.1

Action                     |  1- 3 |  4- 6 || total
---------------------------+-------+-------++-------
  Melee: Dagger            |    19 |   123 ||   142
         Punch             |       |     2 ||     2
   Cast: Magic Dart        |   101 |   111 ||   212
         Mephitic Cloud    |       |     3 ||     3
         Blink             |       |     3 ||     3
         Call Imp          |       |     2 ||     2
   Stab: Sleeping          |     1 |     1 ||     2
         Confused          |       |     1 ||     1
         Distracted        |       |     1 ||     1
 Armour: Robe              |    19 |    71 ||    90
  Dodge: Dodged            |    13 |    87 ||   100

Table legend: (Time is in decaauts)
 A = Elapsed time spent in this place.
 B = Non-inter-level travel time spent in this place.
 C = Inter-level travel time spent in this place.
 D = Time resting spent in this place.
 E = Time spent auto-exploring this place.
 F = Levels seen in this place.
 G = Mean time per level.
                   A        B        C        D        E       F      G
               +--------+--------+--------+--------+--------+-----+--------+
         Total |   4569 |   4342 |    227 |     53 |   3682 |   4 | 1142.2 |
       Dungeon |   4569 |   4342 |    227 |     53 |   3682 |   4 | 1142.2 |
               +--------+--------+--------+--------+--------+-----+--------+

Top non-repeatable levels by time:
     D:2: 1591 daAuts
     D:3: 1306 daAuts
     D:1: 1175 daAuts
     D:4: 495 daAuts
